 Dungeon Crawl Stone Soup version 0.31-a0-210-gccc998df9b (webtiles) character file.

Game seed: 12491190218172171482

30 sanka the Conjurer (level 2, -1/20 HPs)
             Began as a Demigod Conjurer on June 30, 2023.
             Slain by Sigmund
             ... wielding a +0 scythe
              (2 damage)
             ... on level 2 of the Dungeon.
             The game lasted 00:02:44 (1356 turns).

sanka the Conjurer (Demigod Conjurer)               Turns: 1356, Time: 00:02:45

Health: -1/20      AC:  4    Str:  8    XL:     2   Next: 84%
Magic:  7/7        EV: 12    Int: 20    God:
Gold:   117        SH:  0    Dex: 12    Spells: 2/5 levels left

rFire   . . .        d - +0 sling
rCold   . . .        (no shield)
rNeg    . . .        a - +0 robe
rPois   .            c - +2 hat
rElec   .            (no cloak)
rCorr   .            (no gloves)
SInv    .            (no boots)
Will    .....        (no amulet)
Stlth   ++           (no ring)
HPRegen 0.23/turn    (no ring)
MPRegen 0.10/turn

%: no passive effects
@: mighty, invisible
A: high MP 1, forlorn, divine attributes
a: no special abilities


You were on level 2 of the Dungeon.
You visited 1 branch of the dungeon, and saw 2 of its levels.

You collected 117 gold pieces.


Innate Abilities, Weirdness & Mutations

You have an increased reservoir of magic. (+10% MP)
You shall have no god before yourself.
Your divine heritage dramatically boosts your attributes as you level up.


   Skills:
 - Level 1.7 Dodging
 - Level 1.7 Stealth
 - Level 2.0 Spellcasting
 + Level 4.4 Conjurations


You had 2 spell levels left.
You knew the following spells:

 Your Spells              Type           Power      Damage    Failure   Level
x - Searing Ray           Conj           38%        2d5       3%          2
z - Magic Dart            Conj           76%        1d6       2%          1

Your spell library contained the following spells:

 Spells                   Type           Power      Damage    Failure   Level
 Dazzling Flash           Conj/Hex       20%        N/A       19%         3
 Inner Flame              Hex/Fire       2%         N/A       43%         3
 Ozocubu's Armour         Ice            2%         N/A       43%         3
 Flame Wave               Conj/Fire      10%        2d6       54%         4
 Fulminant Prism          Conj/Hex       5%         3d7       54%         4
 Iskenderun's Mystic Bla  Conj/Tloc      10%        2d4       54%         4
 Sticky Flame             Conj/Fire      10%        2d3       54%         4
 Ozocubu's Refrigeration  Ice            1%         4d7       100%        7

Inventory:

Hand Weapons
 d - a +0 sling (weapon)
Armour
 a - a +0 robe (worn)
 c - a +2 hat (worn)
Scrolls
 e - a scroll of teleportation {unknown}
 f - 2 scrolls of fear {unknown}
 k - a scroll of enchant weapon {unknown}
Potions
 b - 2 potions of magic
 g - a potion of curing {unknown}
 h - a potion of degeneration {unknown}
 j - a potion of might

Dungeon Overview and Level Annotations

Branches:
Dungeon (2/15)

Annotations:
D:2 Sigmund

▒..▒ ▒▒▒▒..▒
▒.....▒ ▒.▒▒▒.▒ ▒.▒
▒.▒ ▒.▒ ▒)▒ ▒.▒ ▒.▒
▒.▒ ▒.▒ ▒p▒ ▒.▒ .
▒J▒ ▒.▒
...▒▒▒▒▒▒▒▒▒▒.▒ ▒.▒
..............▒▒▒.▒
..............<...▒
▒.▒▒▒▒▒▒▒▒▒▒▒▒▒▒▒▒▒


You could see an endoplasm.


Message History

You bump into the rock wall.
Sigmund barely misses you. The endoplasm barely misses you.
The endoplasm freezes you.
You are frozen.
Sigmund hits you from afar with a +0 scythe!
* * * LOW HITPOINT WARNING * * *
The endoplasm attacks as you move away! The endoplasm hits you.
* * * LOW HITPOINT WARNING * * *
An endoplasm is nearby!
You bump into the rock wall.
The endoplasm freezes you.
You are frozen.
* * * LOW HITPOINT WARNING * * *
You bump into the rock wall.
Sigmund gestures wildly while chanting.
Sigmund flickers and vanishes!
Deactivating autopickup; reactivate with Ctrl-A.
The endoplasm closely misses you.
It was a potion of might.
You feel very mighty all of a sudden.
You feel less confused. The endoplasm freezes you.
You are frozen.
* * * LOW HITPOINT WARNING * * *
It was a potion of invisibility.
You fade into invisibility!
Something hits you.
You die...

Action                     || total
---------------------------++-------
   Fire: Sling             ||    28
   Cast: Magic Dart        ||    35
         Searing Ray       ||     1
    Use: Potion            ||     2
 Armour: Robe              ||     8
  Dodge: Dodged            ||    27

Levels and vault maps discovered:
D:1:      reono_arrival_forest_river, layout_basic, serial_curves,
          eino_curves_03, eino_curves_04, eino_curves_02
D:2:      layout_loops_ring, uniq_sigmund

Notes
Turn   | Place    | Note
-------+----------+-------------------------------------------
     0 | D:1      | sanka the Demigod Conjurer began the quest for the Orb.
     0 | D:1      | Reached XP level 1. HP: 14/14 MP: 5/5
   183 | D:1      | Reached skill level 2 in Spellcasting
   313 | D:1      | Reached skill level 4 in Conjurations
   314 | D:1      | Reached XP level 2. HP: 20/20 MP: 7/7
   396 | D:1      | Learned a level 2 spell: Searing Ray
  1261 | D:2      | Noticed Sigmund
  1352 | D:2      | HP: 1/20 [frozen (2)]
  1356 | D:2      | Slain by Sigmund

Vanquished Creatures
  A dart slug (D:1)
  3 ball pythons (D:1)
  2 endoplasms (D:1)
  2 giant cockroaches (D:1)
  7 jackals (D:1)
  4 bats
  3 frilled lizards
  2 goblins (D:1)
  A kobold (D:1)
  A rat (D:1)
26 creatures vanquished.
